 Dungeon Crawl Stone Soup version 0.27-a0-379-g34d631faf5 (webtiles) character file.

Game seed: 17155239216148441436

18 Ankhboy the Bolt Thrower (level 2, 0/19 HPs)
             Began as a Halfling Hunter on Feb 17, 2021.
             Killed by nerve-wracking pain
             ... invoked by Jessica
              (11 damage)
             ... on level 3 of the Dungeon.
             The game lasted 00:04:16 (235 turns).

Ankhboy the Bolt Thrower (Halfling Hunter)           Turns: 235, Time: 00:04:16

Health: 0/19       AC:  3    Str: 13    XL:     2   Next: 90%
Magic:  2/2        EV: 15    Int:  9    God:
Gold:   35         SH:  0    Dex: 14    Spells: 1/1 levels left

rFire    . . .     SeeInvis .   b - +0 short sword
rCold    . . .     Faith    .   (shield restricted)
rNeg     . . .     Spirit   .   c - +0 leather armour
rPois    .         Reflect  .   (no helmet)
rElec    .         Harm     .   (no cloak)
rCorr    .         Rampage  .   (no gloves)
Will     .....                  (no boots)
Stlth    ++........             (no amulet)
HPRegen  0.06/turn              (no ring)
MPRegen  0.08/turn              (no ring)

@: slowed, very slow
A: small, mutation resistance 1
a: no special abilities


You were on level 3 of the Dungeon.
You visited 1 branch of the dungeon, and saw 3 of its levels.

You collected 35 gold pieces.

Inventory:

Hand Weapons
 a - a +1 hand crossbow
 b - a +0 short sword (weapon)
Missiles
 d - 16 bolts
Armour
 c - a +0 leather armour (worn)
Scrolls
 f - a scroll of magic mapping {unknown}


   Skills:
 + Level 1.8 Fighting
 + Level 4.7 Crossbows
 + Level 2.8 Dodging
 + Level 1.3 Stealth


You had one spell level left.
You didn't know any spells.
Your spell library was empty.

Dungeon Overview and Level Annotations

Branches:
Dungeon (3/15)

Altars:

Annotations:
D:3 Jessica


Innate Abilities, Weirdness & Mutations

You are small and have problems with some larger weapons.
You are somewhat resistant to further mutation.


Message History

Found a scroll labelled KIBUSS ENEE.
Jessica the Apprentice Sorceress comes into view.
She is wielding a +0 dagger.
Jessica shouts!
A bat comes into view.
An ogre comes into view. It is wielding a +0 giant club.
The ogre shouts!
The bat hits you but does no damage. The bat hits you.
The bat hits you but does no damage. The bat closely misses you.
There is a stone staircase leading down here.
The bat completely misses you. Jessica completely misses you.
You climb downwards.
There is a stone staircase leading up here.
b - a +0 short sword (weapon)
You barely miss Jessica. Jessica casts a spell at you.
Pain shoots through your body! Jessica hits you with a +0 dagger.
You hit Jessica but do no damage.
Jessica points at you and mumbles some strange words.
You feel yourself slow down.
You closely miss Jessica. Jessica hits you but does no damage.
You hit Jessica.
Jessica is severely wounded.
Jessica misses you. Jessica hits you but does no damage.
Your leather armour prevents you from hitting Jessica.
Jessica is severely wounded.
Jessica gestures at you while chanting. You resist with some effort.
Jessica hits you but does no damage.
You hit Jessica but do no damage.
Jessica is severely wounded.
Jessica points at you and mumbles some strange words.
Pain shoots through your body!
Ouch! That really hurt!
* * * LOW HITPOINT WARNING * * *
It was a potion of curing.
You feel better. Jessica gestures at you while chanting.
Pain shoots through your body!
Ouch! That really hurt!
You die...

⌠. .
.###
#..##
#...#
#.⌠.#
#@..#
#@#
###


You could see Jessica.

Vanquished Creatures
  An adder (D:2)
  2 goblins
  3 hobgoblins
  2 frilled lizards
  2 rats
10 creatures vanquished.

Notes
Turn   | Place    | Note
-------+----------+-------------------------------------------
     0 | D:1      | Ankhboy the Halfling Hunter began the quest for the Orb.
     0 | D:1      | Reached XP level 1. HP: 14/14 MP: 1/1
   133 | D:2      | Reached XP level 2. HP: 19/19 MP: 2/2
   212 | D:2      | Noticed Jessica
   222 | D:2      | Noticed an ogre
   235 | D:3      | Killed from afar by Jessica

Illustrated notes

Levels and vault maps discovered:
D:1:      dpeg_arrival_refuge, layout_loops_corners
D:2:      layout_basic, nicolae_tso_swordbearing_angel, minmay_joined_circles,
          uniq_robin, uniq_jessica
D:3:      layout_basic, makhleb_grotto_becter, corexii_corridor_pit,
          grunt_ministairs_4

Action                   || total
-------------------------++-------
Melee: Short sword       ||    19
 Fire: Hand crossbow     ||    13
  Use: Potion            ||     1
Armor: Leather armour    ||     7
Dodge: Dodged            ||    13

Table legend: (Time is in decaauts)
 A = Elapsed time spent in this place.
 B = Non-inter-level travel time spent in this place.
 C = Inter-level travel time spent in this place.
 D = Time resting spent in this place.
 E = Time spent auto-exploring this place.
 F = Levels seen in this place.
 G = Mean time per level.
                   A        B        C        D        E       F      G
               +--------+--------+--------+--------+--------+-----+--------+
         Total |    239 |    239 |      0 |      0 |      0 |   3 |   79.7 |
       Dungeon |    239 |    239 |      0 |      0 |      0 |   3 |   79.7 |
               +--------+--------+--------+--------+--------+-----+--------+

Top non-repeatable levels by time:
     D:1: 132 daAuts
     D:2: 97 daAuts
     D:3: 10 daAuts
